 Dungeon Crawl Stone Soup version 0.31-a0-154-g56bf346678 (webtiles) character file.

Game seed: 14057084233188439213

434 porpoise the Slasher (level 7, 0/55 HPs)
             Began as a Merfolk Gladiator on June 12, 2023.
             Was an Initiate of Okawaru.
             Slain by a water moccasin (7 damage)
             ... on level 4 of the Dungeon.
             The game lasted 00:11:35 (3805 turns).

porpoise the Slasher (Merfolk Gladiator)            Turns: 3805, Time: 00:11:36

Health: 0/55       AC:  5    Str: 14    XL:     7   Next: 0%
Magic:  7/7        EV: 14    Int:  8    God:    Okawaru [......]
Gold:   99         SH:  0    Dex: 17    Spells: 4/6 levels left

rFire   . . .        a - +0 long sword
rCold   . . .        (no shield)
rNeg    . . .        b - +0 leather armour
rPois   .            m - +2 hat
rElec   .            (no cloak)
rCorr   .            (no gloves)
SInv    .            (no boots)
Will    .....        (no amulet)
Stlth   +            (no ring)
HPRegen 0.29/turn    (no ring)
MPRegen 0.10/turn

%: no passive effects
@: lethally poisoned (0 -> -2)
A: (nimble swimmer 2), mertail
a: Renounce Religion


You were on level 4 of the Dungeon.
You worshipped Okawaru.
Okawaru was noncommittal.
You visited 2 branches of the dungeon, and saw 6 of its levels.

You collected 266 gold pieces.
You spent 167 gold pieces at shops.

Inventory:

Hand Weapons
 a - a +0 long sword (weapon)
Missiles
 c - 16 boomerangs
 d - 4 throwing nets (quivered)
 e - a javelin
 p - 2 poisoned darts
Armour
 b - a +0 leather armour (worn)
 m - a +2 hat (worn)
Magical Staves
 h - a staff of fire
Scrolls
 f - a scroll of enchant weapon {unknown}
 g - a scroll of teleportation
 k - a scroll of blinking {unknown}
 l - 2 scrolls of noise {unknown}
 o - a scroll of fear
Potions
 i - a potion of heal wounds
 j - a potion of mutation {unknown}
 n - a potion of invisibility
 q - 3 potions of curing


   Skills:
 + Level 4.4 Fighting
 * Level 7.1 Long Blades
 - Level 2.1 Throwing
 + Level 5.6 Dodging


You had 4 spell levels left.
You knew the following spells:

 Your Spells              Type           Power      Damage    Failure   Level
w - Wereblood             Tmut           0%         N/A       63%         2

Your spell library contained the following spells:

 Spells                   Type           Power      Damage    Failure   Level
 Lesser Beckoning         Tloc           0%         N/A       63%         2
 Sublimation of Blood     Necr           0%         N/A       63%         2
 Gell's Gravitas          Tloc           0%         N/A       86%         3
 Teleport Other           Tloc           0%         N/A       86%         3
 Summon Hydra             Summ           Unusable   N/A       N/A         7

Dungeon Overview and Level Annotations

Branches:
Dungeon (5/15)             Temple (1/1) D:4

Altars:
Ashenzari
Elyvilon
Fedhas
Hepliaklqana
Kikubaaqudgha
Makhleb
Okawaru
Sif Muna
Vehumet
Yredelemnul
Zin

Shops:
D:2 !   D:4 !


Innate Abilities, Weirdness & Mutations

((You are very nimble when in or above water. (Stealth+, EV+, Speed+++)))
Your lower body shifts to a powerful aquatic tail in water.


Message History

The howler monkey barely misses you. The howler monkey hits you.
You hit the howler monkey.
You kill the howler monkey!
Okawaru accepts your kill.
An ice beast comes into view.
Your Long Blades skill increases to level 7!
You have reached level 7!
Unknown command.
A water moccasin comes into view.
The water moccasin hisses angrily.
There is a stone staircase leading up here.
The water moccasin bites you.
You climb upwards.
There is a stone staircase leading down here.
You miss the water moccasin. The water moccasin bites you.
You are poisoned.
The water moccasin poisons you! The water moccasin barely misses you.
You hit the water moccasin.
The water moccasin is lightly wounded.
You feel very sick. The water moccasin closely misses you.
The water moccasin bites you but does no damage.
You closely miss the water moccasin.
The water moccasin is lightly wounded.
You feel sick. The water moccasin misses you.
You miss the water moccasin.
The water moccasin is lightly wounded.
You feel sick. The water moccasin bites you.
You closely miss the water moccasin.
The water moccasin is lightly wounded.
You feel sick. The water moccasin barely misses you.
The water moccasin closely misses you.
You slash the water moccasin!
The water moccasin is moderately wounded.
You feel sick. The water moccasin bites you!
* * * LOW HITPOINT WARNING * * *
You slash the water moccasin!
The water moccasin is almost dead.
You feel sick. The water moccasin bites you!
You die...

###### ###### #....# #.....
#....######## ###....#
###....#......####### ##8#..#.#
.......).......S@...#
###.>#..#.#
###....#......##.##.#
#...8...#..
#....#......##....###.#.#.#####
######......##........#.......#
#########....#####...###.#
#....# #...##... ###### #.####
#...##..# #....##### #.#
#...##.#. #........# #.#
####....._..


You could see a water moccasin.

Vanquished Creatures
  An ogre (D:4)
  A phantom (D:4)
  A howler monkey (D:5)
  A hound (D:4)
  An iguana (D:4)
  An orc wizard (D:4)
  3 gnolls (D:4)
  2 adders
  2 worms
  3 dart slugs
  6 orcs
  12 endoplasms
  4 giant cockroaches
  9 goblins
  9 hobgoblins
  4 jackals (D:4)
  3 quokkas
  8 ball pythons
  5 bats
  2 frilled lizards
  6 kobolds
84 creatures vanquished.

Notes
Turn   | Place    | Note
-------+----------+-------------------------------------------
     0 | D:1      | porpoise the Merfolk Gladiator began the quest for the Orb.
     0 | D:1      | Reached XP level 1. HP: 16/16 MP: 1/1
   257 | D:1      | Reached XP level 2. HP: 23/23 MP: 2/2
   270 | D:1      | Reached skill level 4 in Long Blades
   691 | D:1      | Reached XP level 3. HP: 28/28 MP: 3/3
  1142 | D:2      | Found Jateum's Distillery.
  1167 | D:2      | Bought a potion of heal wounds for 55 gold pieces
  1679 | D:2      | Reached skill level 5 in Long Blades
  1838 | D:3      | Reached XP level 4. HP: 35/35 MP: 4/4
  1861 | D:3      | Found a blossoming altar of Fedhas.
  1936 | D:3      | Found a basalt altar of Yredelemnul.
  2649 | D:4      | Reached XP level 5. HP: 21/41 MP: 5/5
  2726 | D:4      | Found Pabrylez's Distillery.
  2734 | D:4      | Learned a level 2 spell: Wereblood
  2740 | D:4      | Found an iron altar of Okawaru.
  2741 | D:4      | Bought a potion of curing for 42 gold pieces
  2741 | D:4      | Bought a potion of heal wounds for 70 gold pieces
  2745 | D:4      | Noticed a phantom
  2758 | D:4      | Killed a phantom
  2759 | D:4      | Reached skill level 6 in Long Blades
  2759 | D:4      | Reached skill level 5 in Dodging
  2801 | D:4      | Reached XP level 6. HP: 28/48 MP: 6/6
  3085 | D:4      | Found a glowing silver altar of Zin.
  3236 | D:4      | Found a staircase to the Ecumenical Temple.
  3244 | Temple   | Entered the Ecumenical Temple
  3317 | D:4      | Became a worshipper of Warmaster Okawaru
  3333 | D:5      | Entered Level 5 of the Dungeon
  3783 | D:5      | Noticed an ice beast
  3784 | D:5      | Reached skill level 7 in Long Blades
  3784 | D:5      | Reached XP level 7. HP: 33/55 MP: 7/7
  3805 | D:4      | Slain by a water moccasin

Illustrated notes

Levels and vault maps discovered:
D:1:      moated_graveyard_arrival, layout_basic, patterned_corridor
D:2:      layout_rooms, serial_shops, nicolae_shop_industrial_runoff
D:3:      layout_loops_cross, yredelemnul_altar_generic,
          mainiacjoe_overflow_concentric_impassable, nrook_mini_backslash,
          supply_closet_lemuel, kennysheep_decorative_pillar,
          chequers_serial_rivers_micro_c, chequers_serial_rivers_micro_a
D:4:      layout_basic, lemuel_crystal_altar, okawaru_gym_becter,
          temple_statues, serial_shops, shop, minmay_misc_feat_hallway
D:5:      layout_rooms, nicolae_uskayaw_en_pointe, nemelex_diamond_rough_becter,
          mainiacjoe_overflow_chevrons, fountainhead
Temple:   hellmonk_temple_two_chambers

Skill      XL: |  1  2  3  4  5  6 |
---------------+-------------------+-----
Long Blades    | 4 5 6 7 |  7.1
Fighting       | 3 4 |  4.4
Dodging        | 5 |  5.6
Throwing       | |  2.1

Action                     |  1- 3 |  4- 6 |  7- 9 || total
---------------------------+-------+-------+-------++-------
  Melee: Long sword        |   115 |   162 |     7 ||   284
         Punch             |     1 |       |       ||     1
    Use: Scroll            |       |     2 |       ||     2
         Potion            |       |     1 |       ||     1
   Stab: Sleeping          |     2 |     3 |       ||     5
 Armour: Leather armour    |    34 |    42 |     1 ||    77
  Dodge: Dodged            |    78 |   113 |     5 ||   196

Table legend: (Time is in decaauts)
 A = Elapsed time spent in this place.
 B = Non-inter-level travel time spent in this place.
 C = Inter-level travel time spent in this place.
 D = Time resting spent in this place.
 E = Time spent auto-exploring this place.
 F = Levels seen in this place.
 G = Mean time per level.
                   A        B        C        D        E       F      G
               +--------+--------+--------+--------+--------+-----+--------+
         Total |   3833 |   3654 |    179 |   1111 |   1771 |   6 |  638.8 |
       Dungeon |   3807 |   3632 |    175 |   1111 |   1760 |   5 |  761.4 |
        Temple |     26 |     22 |      4 |      0 |     11 |   1 |   26.0 |
               +--------+--------+--------+--------+--------+-----+--------+

Top non-repeatable levels by time:
     D:4: 1176 daAuts
     D:1: 1123 daAuts
     D:3: 760 daAuts
     D:2: 698 daAuts
     D:5: 49 daAuts
  Temple: 26 daAuts
